 Dungeon Crawl Stone Soup version 0.18.1-48-g4cf74bf (console) character file.

3001 Kloppie the Fighter (level 9, 0/85 HPs)
             Began as a Minotaur Abyssal Knight on July 8, 2016.
             Was an Elder of Lugonu.
             Slain by a komodo dragon (20 damage)
             ... on level 9 of the Dungeon.
             The game lasted 00:13:12 (10151 turns).

Kloppie the Fighter (Minotaur Abyssal Knight)      Turns: 10151, Time: 00:13:12

Health: 0/85       AC: 13    Str: 18    XL:     9   Next: 54%
Magic:  9/9        EV:  8    Int:  9    God:    Lugonu [****..]
Gold:   514        SH:  5    Dex: 14    Spells: 0 memorised, 8 levels left

rFire  . . .     SeeInvis .     a - +0 morningstar
rCold  . . .     Gourm    +     D - +0 chain mail
rNeg   + . .     Faith    .     E - +0 buckler
rPois  .         Spirit   .     (helmet restricted)
rElec  .         Dismiss  .     (no cloak)
rCorr  +         Reflect  .     (no gloves)
SustAt .         Harm     .     (no boots)
MR     .....                    l - amulet of the gourmand
Stlth  ..........               r - ring of positive energy
                                b - ring of resist corrosion

@: not resistant to hostile enchantments, extremely unstealthy
A: retaliatory headbutt, horns 2, slimy green scales 1, strong 1
a: Depart the Abyss, Bend Space, Banish, Corrupt, Renounce Religion


You were on level 9 of the Dungeon.
You worshipped Lugonu.
Lugonu was greatly pleased with you.
You were full.

You visited 1 branch of the dungeon, and saw 9 of its levels.
You visited the Abyss 1 time.

You collected 514 gold pieces.

Inventory:

Hand Weapons
 a - a +0 morningstar (weapon)
 h - a +2 mace
Armour
 y - a +1 scale mail
 D - a +0 chain mail (worn)
 E - a +0 buckler (worn)
Jewellery
 b - a ring of resist corrosion (left hand)
 i - an uncursed ring of stealth
 l - an amulet of the gourmand (around neck)
 m - an uncursed ring of magical power
 r - a ring of positive energy (right hand)
 w - an uncursed ring of sustain attributes
Wands
 B - a wand of flame (17/48)
 C - a wand of hasting (7/9)
Scrolls
 d - a scroll of fog
 k - 2 scrolls of noise
 n - 7 scrolls of remove curse
 p - a scroll of magic mapping
 q - 2 scrolls of enchant armour
 t - 3 scrolls of blinking
 G - a scroll of enchant weapon
Potions
 e - 3 potions of curing
 f - a potion of ambrosia
 g - a potion of invisibility
 j - a potion of resistance {unknown}
 s - 2 potions of brilliance {unknown}
 u - 2 potions of heal wounds {unknown}
 z - 5 potions of lignification {unknown}
 A - 2 potions of agility {unknown}
 H - a potion of magic {unknown}
Comestibles
 c - 6 bread rations
 o - 3 fruits
 v - a slice of pizza
 x - 3 meat rations
 F - 3 beef jerkies


   Skills:
 + Level 10.0 Fighting
 + Level 9.5 Maces & Flails
 + Level 8.2 Armour
 - Level 1.1 Dodging
 - Level 4.3 Shields
 - Level 1.7 Invocations


You had 8 spell levels left.
You didn't know any spells.

Dungeon Overview and Level Annotations

Branches:
Dungeon (9/15)             Temple (0/1) D:7            Lair (0/8) D:9
    Orc: D:9-12

Altars:
Fedhas
Makhleb
Nemelex Xobeh
Ru
Trog
Xom
Yredelemnul
The Shining One

Annotations:
D:9 GFox's ghost, novice MiMo


Innate Abilities, Weirdness & Mutations

You reflexively headbutt those who attack you in melee.
You have a pair of horns on your head.
You are partially covered in slimy green scales (AC +2).
Your muscles are strong. (Str +2)


Message History

The worker ant bites the plant.
The komodo dragon bites you!
* * * LOW HITPOINT WARNING * * *
You hit the komodo dragon but do no damage.
Your headbutt misses the komodo dragon.
The komodo dragon is almost dead.
The worker ant bites the plant.
The komodo dragon bites you but does no damage.
Your chain mail prevents you from hitting the komodo dragon.
The komodo dragon is almost dead.
The worker ant bites the plant.
The plant is destroyed!
The komodo dragon completely misses you.
You closely miss the komodo dragon.
The komodo dragon is almost dead.
The komodo dragon closely misses you.
You hit the komodo dragon.
You headbutt the komodo dragon, but do no damage.
The komodo dragon is almost dead.
You block the worker ant's attack. The komodo dragon bites you!!
You die...

..#.......###### .
#.......#.....
#.......####.. #
#.......<..#..
.########..........#..
..................#..
###.....####.......###
##.P.......##...(......
#P.PPP@.....#.###......
#PPPPlPa......# #......
#PP....PPP....# #######
#PP.>..PPP.P.##


#PP...PPPPPP## ##PPPPPPPPP## ########### You could see a komodo dragon and a
worker ant.

Vanquished Creatures
  Psyche (D:9)
  A troll (D:9)
  A wyvern (D:9)
  A water moccasin (D:8)
  An orc warrior (D:8)
  A necrophage (D:6)
  A phantom (D:5)
  A sky beast (D:9)
  An ogre (D:6)
  A crocodile (D:9)
  3 centaurs
  4 giant frogs
  A gnoll sergeant (D:8)
  2 scorpions
  A howler monkey (D:5)
  5 hounds
  A centaur skeleton (D:4)
  4 orc priests
  An iron imp (D:8)
  A jelly (D:9)
  7 orc wizards
  A giant frog skeleton (D:4)
  6 worker ants
  A worker ant zombie (D:6)
  3 gnolls (D:8)
  15 adders
  2 oozes
  2 adder skeletons
  An adder zombie (D:8)
  6 worms
  A dart slug (D:3)
  8 giant geckos
  19 orcs
  4 giant cockroaches
  A hobgoblin (D:1)
  8 jackals
  8 kobolds
  2 quokkas
  3 ball pythons
  8 bats
  A giant gecko zombie (D:8)
  2 giant newts
  2 gnoll zombies (D:2)
  7 goblins
  A goblin zombie (D:8)
  2 hobgoblin zombies (D:8)
  2 jackal skeletons
  2 kobold zombies (D:8)
  An orc skeleton (D:8)
  An orc zombie (D:8)
  4 rats
164 creatures vanquished.

Vanquished Creatures (collateral kills)
  A scorpion (D:8)
  An orc (D:8)
2 creatures vanquished.

Vanquished Creatures (others)
  A wizard (D:3)
  2 plants (D:9)
3 creatures vanquished.

Grand Total: 169 creatures vanquished

Notes
Turn   | Place    | Note
--------------------------------------------------------------
     0 | Abyss:1  | Kloppie the Minotaur Abyssal Knight began the quest for the Orb.
     0 | Abyss:1  | Reached XP level 1. HP: 19/19 MP: 1/1
     0 | D:1      | Escaped the Abyss
   409 | D:1      | Reached * piety under Lugonu
   409 | D:1      | Reached XP level 2. HP: 27/27 MP: 2/2
   505 | D:1      | Reached skill level 4 in Fighting
   865 | D:1      | Reached XP level 3. HP: 29/33 MP: 3/3
  1725 | D:2      | Found a basalt altar of Yredelemnul.
  2093 | D:3      | Reached ** piety under Lugonu
  2111 | D:3      | Reached XP level 4. HP: 32/41 MP: 4/4
  2419 | D:3      | Reached skill level 5 in Fighting
  2702 | D:3      | Reached XP level 5. HP: 48/48 MP: 5/5
  2992 | D:3      | Found a bloodstained altar of Trog.
  2993 | D:3      | Noticed a wizard
  2998 | D:3      | Killed a wizard
  3072 | D:4      | Gained mutation: Your muscles are strong. (Str +2) [potion of beneficial mutation]
  3073 | D:4      | Gained mutation: You are partially covered in slimy green scales (AC +2). [potion of beneficial mutation]
  3395 | D:4      | Found a sparkling altar of Nemelex Xobeh.
  3550 | D:4      | Found a burning altar of Makhleb.
  3550 | D:4      | Found a sacrificial altar of Ru.
  3555 | D:4      | You fall through a shaft for 2 floors!
  3599 | D:5      | Entered Level 5 of the Dungeon
  3781 | D:5      | Reached skill level 5 in Maces & Flails
  3781 | D:5      | Reached XP level 6. HP: 57/57 MP: 6/6
  3861 | D:5      | Reached skill level 6 in Fighting
  4242 | D:5      | Reached skill level 5 in Armour
  4314 | D:5      | Reached XP level 7. HP: 38/64 MP: 7/7
  4482 | D:5      | Reached *** piety under Lugonu
  4955 | D:6      | Reached skill level 7 in Fighting
  5268 | D:6      | Found a shimmering altar of Xom.
  5306 | D:6      | Reached XP level 8. HP: 61/73 MP: 8/8
  5656 | D:7      | Found a staircase to the Ecumenical Temple.
  5846 | D:7      | Found a blossoming altar of Fedhas.
  5864 | D:7      | Reached skill level 8 in Fighting
  6031 | D:8      | Reached **** piety under Lugonu
  6036 | D:8      | Found a glowing golden altar of the Shining One.
  6984 | D:9      | Reached skill level 1 in Shields
  7469 | D:9      | Reached skill level 9 in Fighting
  7524 | D:9      | Reached XP level 9. HP: 46/83 MP: 9/9
  7733 | D:9      | Noticed Psyche
  7740 | D:9      | Killed Psyche
  8043 | D:9      | Noticed a troll
  8055 | D:9      | Killed a troll
  8285 | D:9      | Noticed GFox's ghost (novice MiMo)
  9624 | D:8      | Reached skill level 10 in Fighting
 10131 | D:9      | Found a staircase to the Lair.
 10132 | D:9      | Noticed a komodo dragon
 10151 | D:9      | Slain by a komodo dragon

Skill      XL: |  1  2  3  4  5  6  7  8  9 |
---------------+----------------------------+-----
Fighting       | 4 5 6 7 9 10 | 10.0
Maces & Flails | 3 4 5 6 8 9 |  9.5
Armour         | 3 4 5 6 7 8 |  8.2
Shields        | 2 4 |  4.3
Dodging        | |  1.1
Invocations    | |  1.7

Action                   |  1- 3 |  4- 6 |  7- 9 || total
-------------------------+-------+-------+-------++-------
Melee: Mace              |    92 |   143 |   288 ||   523
       Headbutt          |    13 |    33 |    65 ||   111
       Morningstar       |       |       |   159 ||   159
Invok: Depart the Abyss  |     1 |       |       ||     1
Evoke: Wand              |       |       |     2 ||     2
  Use: Scroll            |       |     6 |    13 ||    19
       Potion            |       |     2 |     4 ||     6
 Stab: Invisible         |       |       |     3 ||     3
  Eat: Chunk             |     4 |    21 |    17 ||    42
Armor: Leather armour    |     6 |       |       ||     6
       Ring mail         |    35 |    18 |       ||    53
       Scale mail        |       |    43 |   109 ||   152
       Chain mail        |       |       |    53 ||    53
Dodge: Dodged            |    61 |    78 |   167 ||   306
Block: Buckler           |       |       |    59 ||    59
